 Dungeon Crawl Stone Soup version 0.19.4-9-g45fd643 (webtiles) character file.

386 loralnil the Shield-Bearer (level 7, -2/81 HPs)
             Began as a Formicid Fighter on Feb 15, 2017.
             Was an Initiate of Okawaru.
             Slain by a bullfrog (4 damage)
             ... in a sewer.
             The game lasted 00:11:11 (3227 turns).

loralnil the Shield-Bearer (Formicid Fighter)       Turns: 3227, Time: 00:11:11

Health: -2/81      AC: 23    Str: 23    XL:     7   Next: 6%
Magic:  8/8        EV: -1    Int:  7    God:    Okawaru [......]
Gold:   66         SH: 11    Dex: 10    Spells: 0 memorised, 6 levels left

rFire  + . .     SeeInvis .     a - +1 long sword
rCold  . . .     Gourm    .     (armour currently unavailable)
rNeg   + + +     Faith    .     c - +1 shield
rPois  +         Spirit   .     (helmet unavailable)
rElec  .         Reflect  .     (cloak currently unavailable)
rCorr  .         Harm     .     (gloves currently unavailable)
MR     .....                    (boots currently unavailable)
Stlth  +.........               (no amulet)
                                (no ring)
                                m - ring of protection from fire

@: tree-form, constricted
A: permanent stasis, dig shafts and tunnels, four strong arms, (antennae 0)
a: Renounce Religion


You were in a sewer.
You worshipped Okawaru.
Okawaru was noncommittal.
You were not hungry.
You were a tree.
You visited 1 branch of the dungeon, and saw 4 of its levels.
You also visited: Sewer.

You collected 66 gold pieces.

Inventory:

Hand Weapons
 a - a +1 long sword (weapon)
Armour
 b - a +0 pair of boots (melded)
 c - a +1 shield (worn)
 k - a +0 cloak (melded)
 p - a +0 chain mail (melded)
Jewellery
 m - a ring of protection from fire (left branch)
Wands
 i - a wand of iceblast (8/15)
 u - a wand of lightning (12/15)
Scrolls
 t - a scroll of fog {unknown}
 w - a scroll of magic mapping {unknown}
Potions
 d - 2 potions of might
 j - 2 potions of resistance
 s - a potion of cancellation
 v - a potion of agility {unknown}
Comestibles
 f - 4 bread rations
 h - a meat ration
 o - a royal jelly
 q - a chunk of flesh


   Skills:
 + Level 4.1 Fighting
 + Level 4.9 Long Blades
 + Level 3.9 Armour
 + Level 0.3 Dodging
 + Level 5.3 Shields
 * Level 2.0 Invocations


You had 6 spell levels left.
You didn't know any spells.

Dungeon Overview and Level Annotations

Branches:
Dungeon (4/15)
 Temple: D:4-7

Altars:
Okawaru
Qazlal
Ru


Innate Abilities, Weirdness & Mutations

You are under a permanent stasis effect.
You can dig through walls and to a lower floor.
Your four strong arms can wield two-handed weapons with a shield.
((You have a pair of large antennae on your head. (SInv)))


Message History

* * * LOW HITPOINT WARNING * * *
The bullfrog hits you but does no damage.
The ball python bites you but does no damage.
The ball python constricts you.
The ball python bites you but does no damage.
Unknown command.
You slash the ball python!
You kill the ball python!
Okawaru accepts your kill. You block the bullfrog's attack.
The ball python bites you but does no damage.
The bullfrog hits you but does no damage.
The ball python bites you but does no damage.
The ball python constricts you.
The bullfrog hits you but does no damage.
The ball python bites you but does no damage.
You block the bullfrog's attack.
Unknown command.
It was a potion of haste.
Your stasis keeps you stable.
The bullfrog hits you.
You die...

#.....##
#.....
#≈≈≈≈≈≈#
#≈≈≈≈≈
#≈≈≈≈≈≈#
#≈≈≈≈≈
#≈≈≈≈≈≈#
#≈≈≈≈≈
#≈≈≈≈≈≈#
#≈≈≈≈≈
#≈#≈≈≈≈#
#≈≈≈≈≈
#≈≈≈≈≈≈#
#≈≈≈≈≈
#F††≈≈≈#
#≈≈≈≈≈
#S♣†≈≈≈#
#≈....
#≈SF≈≈≈#
#≈.?(÷
#≈≈≈≈≈≈#
#≈..÷÷
#≈≈≈≈≈≈#
#≈÷≈≈≈
#≈≈≈≈≈≈#
#≈≈≈≈≈
#≈≈≈≈≈≈#
#≈≈≈≈≈
#≈≈≈≈≈≈#
#≈≈≈≈≈
#≈≈≈≈≈≈#####
#≈≈≈≈≈
#.....###?.#
##....


You could see 2 bullfrogs and 2 ball pythons.

Vanquished Creatures
  A hound (D:4)
  Ijyb (D:2)
  Terence (D:2)
  9 adders
  4 gnolls (D:3)
  6 river rats
  2 oozes
  A worm (D:2)
  9 dart slugs
  A leopard gecko (D:1)
  An orc (D:3)
  10 ball pythons (Sewer)
  5 bats
  3 giant cockroaches
  7 goblins
  6 hobgoblins
  14 jackals
  6 kobolds
  2 frilled lizards
  31 rats
120 creatures vanquished.

Notes
Turn   | Place    | Note
-------+----------+-------------------------------------------
     0 | D:1      | loralnil the Formicid Fighter began the quest for the Orb.
     0 | D:1      | Reached XP level 1. HP: 18/18 MP: 1/1
    37 | D:1      | Reached XP level 2. HP: 19/24 MP: 2/2
   179 | D:1      | Reached skill level 4 in Shields
   179 | D:1      | Reached XP level 3. HP: 20/29 MP: 3/3
   809 | D:1      | Reached XP level 4. HP: 35/35 MP: 4/4
   994 | D:2      | Found an iron altar of Okawaru.
  1004 | D:2      | Became a worshipper of Warmaster Okawaru
  1255 | D:2      | Noticed Ijyb
  1266 | D:2      | Killed Ijyb
  1266 | D:2      | Reached XP level 5. HP: 42/42 MP: 5/5
  1337 | D:2      | Found a stormy altar of Qazlal.
  1430 | D:2      | Noticed Terence
  1438 | D:2      | Killed Terence
  1842 | D:3      | Reached skill level 5 in Shields
  2205 | D:3      | Reached XP level 6. HP: 45/48 MP: 6/6
  2207 | D:3      | Reached skill level 1 in Invocations
  2250 | D:3      | Found a sacrificial altar of Ru.
  2458 | D:4      | Found a glowing drain.
  2481 | Sewer    | Entered a sewer
  2674 | Sewer    | Reached * piety under Okawaru
  3008 | Sewer    | Reached XP level 7. HP: 27/54 MP: 8/8
  3217 | Sewer    | HP: 1/54 [bullfrog (6)]
  3225 | Sewer    | HP: 1/81 [bullfrog (5)]
  3227 | Sewer    | Slain by a bullfrog

Skill      XL: |  1  2  3  4  5  6 |
---------------+-------------------+-----
Shields        | 4 5 |  5.3
Long Blades    | 3 4 |  4.9
Invocations    | 2 |  2.0
Fighting       | 4 |  4.1
Armour         | |  3.9
Dodging        | |  0.3

Action                   |  1- 3 |  4- 6 |  7- 9 || total
-------------------------+-------+-------+-------++-------
Melee: Long sword        |    87 |   338 |    23 ||   448
  Use: Scroll            |       |    12 |       ||    12
       Potion            |       |       |     7 ||     7
  Eat: Chunk             |       |     8 |     1 ||     9
Armor: Scale mail        |    37 |     6 |       ||    43
       Chain mail        |       |   228 |   103 ||   331
       Skin              |       |       |    31 ||    31
Dodge: Dodged            |    33 |    96 |    19 ||   148
Block: Shield            |    44 |   245 |    79 ||   368
       Rpst.: Long sword |    15 |    34 |     4 ||    53
